 Dungeon Sprint DCSS version 0.30.1-11-g7821555f0a (webtiles) character file.

Game seed: 3123737739975800302

8700000 jagang the Conqueror (level 27, -87/278 (292) HPs)
             Began as an Armataur Berserker on Nov 21, 2023.
             Was the Champion of Makhleb.
             Annihilated by The Servant
             ... wielding a +9 glaive of flaming
              (132 damage)
             ... in the Dungeon (Sprint VIII: "Arena of Blood").
             The game lasted 00:05:14 (87 turns).

jagang the Conqueror (Armataur Berserker)             Turns: 87, Time: 00:05:14

HP:   -87/278 (292) AC:  6    Str: 35    XL:     27
MP:   28/48         EV: 20    Int:  8    God:    Makhleb [******]
Gold: 0             SH:  0    Dex: 11    Spells: 68/68 levels left

rFire   . . .        i - +∞ Axe of Woe
rCold   . . .        (shield currently unavailable)
rNeg    . . .        b - +0 animal skin
rPois   .            (no helmet)
rElec   .            (no cloak)
rCorr   .            (no gloves)
SInv    .            (no barding)
Will    ++...        (no amulet)
Stlth   +++++++++    j - +30 ring of slaying
HPRegen 0.66/turn    k - +30 ring of slaying
MPRegen 0.31/turn

%: no teleportation, roll
@: lightly drained
A: large, rugged brown scales 3, deformed body, armoured tail, roll, long
tongue, awkward tongue
a: Renounce Religion, Minor Destruction, Lesser Servant of Makhleb, Major
Destruction, Greater Servant of Makhleb


You were in the Dungeon.
You worshipped Makhleb.
Makhleb was exalted by your worship.
You visited 1 branch

Inventory:

Hand Weapons
 a - a +0 hand axe
 i - the +∞ Axe of Woe (weapon)
   (You found it in the Dungeon)
Armour
 b - a +0 animal skin (worn)
Jewellery
 j - a +30 ring of slaying (left hand)
 k - a +30 ring of slaying (right hand)
Scrolls
 h - a scroll of blinking
Potions
 c - a potion of curing
 d - a potion of heal wounds
 e - a potion of haste
 f - 2 potions of magic
 g - a potion of berserk rage


   Skills:
 O Level 27 Fighting
 O Level 27 Short Blades
 O Level 27 Long Blades
 O Level 27 Axes
 O Level 27 Maces & Flails
 O Level 27 Polearms
 O Level 27 Staves
 O Level 27 Ranged Weapons
 O Level 27 Throwing
 O Level 27 Armour
 O Level 27 Dodging
 O Level 27 Stealth
 O Level 27 Shields
 O Level 27 Unarmed Combat
 + Level 21.1 Spellcasting
 + Level 22.8 Conjurations
 + Level 22.8 Hexes
 + Level 21.1 Summonings
 + Level 20.1 Necromancy
 + Level 23.4 Translocations
 + Level 21.7 Transmutations
 + Level 21.7 Fire Magic
 + Level 21.7 Ice Magic
 + Level 21.7 Air Magic
 + Level 21.7 Earth Magic
 + Level 21.7 Poison Magic
 O Level 27 Invocations
 O Level 27 Evocations


You had 68 spell levels left.
You didn't know any spells.
Your spell library was empty.

Dungeon Overview and Level Annotations

Branches:
Dungeon (1/1)

Altars:
Makhleb

Annotations:
D The Servant


Innate Abilities, Weirdness & Mutations

You are completely covered in rugged brown scales. (AC +3, +7% HP)
Armour fits poorly on your strangely shaped body.
You have a long armoured tail.
You roll when moving toward enemies. (Rampage)
Your long tongue fully drains potion bottles. (2x potion effects)
Your tongue gives you trouble enunciating. (1.5x scroll delay)


Message History

You feel better.
You hear a shout! x8
Your Spellcasting skill increases to level 21!
Your Conjurations skill increases to level 22!
Your Hexes skill increases to level 22!
Your Summonings skill increases to level 21!
Your Necromancy skill increases to level 20!
Your Translocations skill increases to level 23!
Your Transmutations skill increases to level 21!
Your Fire Magic skill increases to level 21!
Your Ice Magic skill increases to level 21!
Your Air Magic skill increases to level 21!
Your Earth Magic skill increases to level 21!
Your Poison Magic skill increases to level 21!
A bag of meat comes into view. It is wielding a +9 war axe.
You hear a shout! x5
The Servant hits you from afar with a +9 glaive of flaming!!!
* * * LOW HITPOINT WARNING * * *
The Servant burns you.
* * * LOW HITPOINT WARNING * * *
You hear a shout!
Something hits you but does no damage.
Deactivating autopickup; reactivate with Ctrl-A.
You slice something like a ripe choko!!!!
You hew something savagely.
Makhleb accepts your kill.
You feel better.
Reactivating autopickup.
You feel a bit more experienced.
You hear a shout!
A bag of meat comes into view. It is wielding a +9 war axe.
You hear a shout! x2
A bolt of negative energy appears from out of thin air!
Deactivating autopickup; reactivate with Ctrl-A.
The bolt of negative energy hits you!!
You feel drained.
* * * LOW HITPOINT WARNING * * *
A sculptor of flesh comes into view. It is wielding a +9 great sword.
You hear a shout!
The Servant hits you from afar with a +9 glaive of flaming!!!!
You die...

.. ...####
.#####......#### ..
..............###
.##.##................
......................
...#.#....... .......
...........####@o.....
............D..........
..........).{))§@§..#..
..........)){..§........
.........).)).†.§...#...
#.......#..)............
#.......#..)))......##oo
#......)###))).O...... z
...###.)M).))).....###.
...._..L)))))).......
.#.....#).)).†.#.#...


You could see The Servant, an eight-headed meat hydra, a sculptor of flesh
(wandering), a meat berserker (berserk) and 3 bags of meat.

Vanquished Creatures
  Sigmund (D)
  6 hell beasts (D)
  2 royal mummies (D)
  4 wraiths (D)
  13 vampire knights (D)
  26 ogres (D)
  5 liches (D)
  3 hydras (D)
  A phantom (D)
  45 orcs (D)
  2 skeletal warriors (D)
108 creatures vanquished.

Vanquished Creatures (others)
  A two-headed ogre (D)
  An orc (D)
2 creatures vanquished.

Grand Total: 110 creatures vanquished

Notes
Turn   | Place    | Note
-------+----------+-------------------------------------------
     0 | D        | Found the +∞ Axe of Woe
     0 | D        | jagang the Armataur Berserker began the quest for the Orb.
     0 | D        | Reached XP level 1. HP: 19/19 MP: 1/1
     2 | D        | Noticed a bag of meat
     3 | D        | Noticed a bag of meat
     4 | D        | Fell from the grace of Trog
     4 | D        | Became a worshipper of Makhleb the Destroyer
     6 | D        | Noticed a meat berserker
     7 | D        | Noticed a meat berserker
     7 | D        | Noticed a bag of meat
     8 | D        | Killed a bag of meat
     8 | D        | Noticed a meat berserker
     8 | D        | Noticed a meat berserker
     8 | D        | Noticed a bag of meat
     9 | D        | Reached skill level 15 in Fighting
     9 | D        | Reached skill level 10 in Armour
     9 | D        | Reached XP level 2. HP: 51/51 MP: 2/2
     9 | D        | Reached XP level 3. HP: 58/58 MP: 3/3
     9 | D        | Reached XP level 4. HP: 66/66 MP: 4/4
     9 | D        | Reached XP level 5. HP: 73/73 MP: 5/5
     9 | D        | Reached XP level 6. HP: 82/82 MP: 6/6
     9 | D        | Reached XP level 7. HP: 88/88 MP: 7/7
     9 | D        | Reached XP level 8. HP: 97/97 MP: 8/8
     9 | D        | Reached XP level 9. HP: 103/103 MP: 9/9
     9 | D        | Reached XP level 10. HP: 112/112 MP: 10/10
     9 | D        | Noticed a meat berserker
     9 | D        | Noticed a bag of meat
    10 | D        | Killed a meat berserker
    10 | D        | Reached * piety under Makhleb
    10 | D        | Killed a bag of meat
    10 | D        | Killed a meat berserker
    10 | D        | Killed a meat berserker
    10 | D        | Reached ** piety under Makhleb
    10 | D        | Noticed a bag of meat
    10 | D        | Noticed a bag of meat
    11 | D        | Reached skill level 10 in Dodging
    11 | D        | Reached XP level 11. HP: 49/139 MP: 11/11
    11 | D        | Reached XP level 12. HP: 53/148 MP: 12/12
    11 | D        | Reached XP level 13. HP: 56/157 MP: 13/13
    11 | D        | Reached XP level 14. HP: 59/165 MP: 14/14
    12 | D        | Noticed a meat berserker
    12 | D        | Noticed a bag of meat
    13 | D        | Killed a bag of meat
    14 | D        | Killed a meat berserker
    14 | D        | Killed a meat berserker
    14 | D        | Reached *** piety under Makhleb
    14 | D        | Noticed a bag of meat
    15 | D        | Reached XP level 15. HP: 99/181 MP: 15/15
    17 | D        | Reached **** piety under Makhleb
    18 | D        | Reached skill level 27 in Fighting
    18 | D        | Reached skill level 27 in Axes
    18 | D        | Reached XP level 16. HP: 141/195 MP: 16/16
    20 | D        | Killed a meat berserker
    21 | D        | Reached skill level 15 in Dodging
    21 | D        | Noticed a destroyer
    22 | D        | Noticed a destroyer
    23 | D        | Noticed a meat berserker
    23 | D        | Noticed a meat berserker
    23 | D        | Noticed a meat berserker
    24 | D        | Noticed a meat berserker
    25 | D        | Noticed a meat berserker
    25 | D        | Noticed a meat berserker
    26 | D        | Reached ***** piety under Makhleb
    27 | D        | Reached skill level 27 in Armour
    27 | D        | Killed a meat berserker
    28 | D        | Reached XP level 17. HP: 204/204 MP: 17/17
    28 | D        | Killed a meat berserker
    30 | D        | Killed a meat berserker
    30 | D        | Killed a meat berserker
    30 | D        | Noticed an eight-headed meat hydra
    31 | D        | Reached skill level 27 in Dodging
    31 | D        | Reached XP level 18. HP: 214/214 MP: 18/18
    32 | D        | Killed a meat berserker
    32 | D        | Killed a meat berserker
    33 | D        | Noticed a meat berserker
    33 | D        | Noticed a destroyer
    34 | D        | Reached ****** piety under Makhleb
    35 | D        | Reached skill level 10 in Stealth
    36 | D        | Killed a destroyer
    37 | D        | Reached skill level 10 in Short Blades
    37 | D        | Reached skill level 10 in Long Blades
    37 | D        | Reached skill level 10 in Maces & Flails
    37 | D        | Reached skill level 10 in Invocations
    37 | D        | Reached skill level 10 in Evocations
    37 | D        | Reached XP level 19. HP: 77/221 MP: 18/26
    37 | D        | Noticed a destroyer
    37 | D        | Noticed a destroyer
    37 | D        | Noticed a destroyer
    37 | D        | Killed a destroyer
    37 | D        | Noticed a meat berserker
    38 | D        | Reached skill level 10 in Polearms
    38 | D        | Noticed a large bag of meat
    39 | D        | Killed a meat berserker
    39 | D        | Noticed a meat berserker
    39 | D        | Noticed an eight-headed meat hydra
    40 | D        | Killed a nine-headed meat hydra
    40 | D        | Killed a destroyer
    41 | D        | Reached skill level 10 in Ranged Weapons
    41 | D        | Reached skill level 15 in Stealth
    41 | D        | Noticed a destroyer
    41 | D        | Noticed a meat berserker
    41 | D        | Noticed a meat berserker
    41 | D        | Noticed a meat berserker
    42 | D        | Killed a destroyer
    42 | D        | Noticed a destroyer
    43 | D        | Reached skill level 15 in Shields
    43 | D        | Reached XP level 20. HP: 137/231 MP: 19/30
    43 | D        | Noticed a tyrant
    44 | D        | Noticed a destroyer
    44 | D        | Noticed a destroyer
    44 | D        | Killed a meat berserker
    44 | D        | Noticed a meat berserker
    46 | D        | Reached skill level 15 in Invocations
    46 | D        | Reached skill level 15 in Evocations
    46 | D        | Killed a meat berserker
    46 | D        | Killed a destroyer
    46 | D        | Killed a destroyer
    46 | D        | Killed a destroyer
    46 | D        | Killed a meat berserker
    46 | D        | Noticed a meat berserker
    46 | D        | Noticed a meat berserker
    47 | D        | Reached XP level 21. HP: 239/239 MP: 20/34
    47 | D        | Killed a destroyer
    47 | D        | Noticed an accursed
    48 | D        | Reached skill level 15 in Ranged Weapons
    48 | D        | Noticed a tyrant
    48 | D        | Noticed a destroyer
    48 | D        | Killed a tyrant
    48 | D        | Noticed a destroyer
    49 | D        | Reached XP level 22. HP: 126/249 MP: 20/35
    50 | D        | Killed a tyrant
    50 | D        | Killed a destroyer
    50 | D        | Killed a large bag of meat
    50 | D        | Noticed an accursed
    50 | D        | Noticed a tyrant
    54 | D        | Killed a destroyer
    56 | D        | Noticed a destroyer
    56 | D        | Noticed a tyrant
    57 | D        | Reached XP level 23. HP: 240/256 MP: 21/38
    58 | D        | Killed a destroyer
    59 | D        | Killed a tyrant
    60 | D        | Noticed a meat beast
    60 | D        | Noticed The Captor
    61 | D        | Killed an accursed
    62 | D        | Reached skill level 27 in Stealth
    62 | D        | Killed a destroyer
    63 | D        | Noticed a dread
    63 | D        | Noticed a meat beast
    63 | D        | Killed a dread
    63 | D        | Noticed a dread
    64 | D        | Reached skill level 27 in Shields
    64 | D        | Reached XP level 24. HP: 211/266 MP: 23/39
    64 | D        | Killed a meat beast
    64 | D        | Noticed an accursed
    65 | D        | Noticed a meat beast
    65 | D        | Killed The Captor
    66 | D        | Reached skill level 27 in Short Blades
    66 | D        | Reached skill level 27 in Long Blades
    66 | D        | Reached skill level 27 in Maces & Flails
    66 | D        | Reached skill level 27 in Polearms
    66 | D        | Reached skill level 27 in Staves
    66 | D        | Reached skill level 27 in Throwing
    66 | D        | Reached skill level 27 in Unarmed Combat
    66 | D        | Reached skill level 27 in Invocations
    66 | D        | Reached skill level 27 in Evocations
    66 | D        | Reached XP level 25. HP: 261/274 MP: 23/40
    66 | D        | Noticed a dread
    66 | D        | Killed a meat beast
    67 | D        | Reached skill level 27 in Ranged Weapons
    67 | D        | Reached XP level 26. HP: 270/284 MP: 23/40
    67 | D        | Noticed a dread
    67 | D        | Noticed a tyrant
    68 | D        | Killed a dread
    69 | D        | Reached skill level 10 in Conjurations
    69 | D        | Reached skill level 10 in Hexes
    69 | D        | Reached skill level 10 in Translocations
    70 | D        | Reached skill level 10 in Transmutations
    70 | D        | Reached skill level 10 in Fire Magic
    70 | D        | Reached skill level 10 in Ice Magic
    70 | D        | Reached skill level 10 in Air Magic
    70 | D        | Reached skill level 10 in Earth Magic
    70 | D        | Reached skill level 10 in Poison Magic
    70 | D        | Killed a dread
    70 | D        | Killed a meat beast
    71 | D        | Reached skill level 15 in Translocations
    71 | D        | Reached XP level 27. HP: 210/292 MP: 24/40
    72 | D        | Noticed a meat beast
    73 | D        | Killed an accursed
    73 | D        | Killed a tyrant
    74 | D        | Reached skill level 15 in Spellcasting
    74 | D        | Reached skill level 15 in Summonings
    74 | D        | Reached skill level 15 in Transmutations
    74 | D        | Reached skill level 15 in Fire Magic
    74 | D        | Reached skill level 15 in Ice Magic
    74 | D        | Reached skill level 15 in Air Magic
    74 | D        | Reached skill level 15 in Earth Magic
    74 | D        | Reached skill level 15 in Poison Magic
    74 | D        | Killed a destroyer
    75 | D        | Noticed a meat beast
    76 | D        | Killed a meat beast
    77 | D        | Killed a dread
    80 | D        | Noticed The Servant
    80 | D        | Killed a meat beast
    82 | D        | Noticed a meat beast
    83 | D        | Killed a tyrant
    85 | D        | Killed a meat beast
    87 | D        | Annihilated by The Servant

Illustrated notes

Levels and vault maps discovered:
D:        meatsprint

Skill      XL: |  1  2  3  4  5  6  7  8  9 10 11 12 13 14 15 16 17 18 19 20 21 22 23 24 25 26 27 |
---------------+----------------------------------------------------------------------------------+-----
Fighting       | 15 22 25 27 | 27.0
Axes           | 14 22 25 27 | 27.0
Armour         | 10 16 18 19 27 | 27.0
Dodging        | 6 10 11 12 21 27 | 27.0
Short Blades   | 10 13 17 19 21 24 27 | 27.0
Long Blades    | 10 13 17 19 21 24 27 | 27.0
Maces & Flails | 10 13 17 19 21 24 27 | 27.0
Polearms       | 9 12 16 17 19 22 27 | 27.0
Staves         | 9 13 16 18 20 23 27 | 27.0
Ranged Weapons | 8 11 14 15 17 20 26 27 | 27.0
Throwing       | 9 13 16 18 20 23 27 | 27.0
Stealth        | 12 16 21 23 25 27 | 27.0
Shields        | 11 15 19 21 23 27 | 27.0
Unarmed Combat | 9 13 16 18 20 23 27 | 27.0
Invocations    | 10 14 18 19 22 25 27 | 27.0
Evocations     | 10 14 18 19 22 25 27 | 27.0
Spellcasting   | 7 13 21 | 21.1
Conjurations   | 8 14 22 | 22.8
Hexes          | 8 14 22 | 22.8
Summonings     | 7 13 21 | 21.1
Necromancy     | 7 12 20 | 20.1
Translocations | 8 15 23 | 23.4
Transmutations | 7 13 21 | 21.7
Fire Magic     | 7 13 21 | 21.7
Ice Magic      | 7 13 21 | 21.7
Air Magic      | 7 13 21 | 21.7
Earth Magic    | 7 13 21 | 21.7
Poison Magic   | 7 13 21 | 21.7

Action                     |  1- 3 |  4- 6 |  7- 9 | 10-12 | 13-15 | 16-18 | 19-21 | 22-24 | 25-27 || total
---------------------------+-------+-------+-------+-------+-------+-------+-------+-------+-------++-------
  Melee: Executioner's axe |     1 |       |       |     1 |     4 |    12 |    12 |    16 |    16 ||    62
 Armour: Animal skin       |       |       |       |       |       |       |       |       |     2 ||     2
  Dodge: Dodged            |       |       |       |       |       |       |       |       |     1 ||     1
